AoeStats
← Yaya Banana

Pilgrims

508491196Analyzed
3v3 RM · 11d ago on Sep 22, 2026· 42m 51s· 6 players
Game mode
Random Map
Map size
Normal (6 player)
Population
200
Speed
Normal
Resources
Standard
Victory
Conquest
Starting age
Dark Age
Ending age
Imperial Age
RankedLock teamsTeams togetherTeam positionsShared explorationLock speedFull tech treeHidden civsTurbo modeCheats
Victory
Defeat
🇨🇿 Saxons · Czechia
1423
+14
🇨🇿 Cumans · Czechia
1355
+17
🇨🇿 Mongols · Czechia
1308
+18
🇨🇱 Khmer · Chile
1403
-18
🇺🇾 Lithuanians · Uruguay
1363
-16
🇳🇴 Japanese · Norway
1345
-15
RegiTehT
6:42 Loom
8:48 Feudal Age
9:30 Double-Bit Axe
18:42 Castle Age
17:12 Forging
18:03 Fletching
19:36 Medium Warships
20:19 Bow Saw
23:12 Medium Warships
28:19 Horse Collar
29:56 Wheelbarrow
33:02 Imperial Age
31:23 Heavy Plow
31:53 Hand Cart
32:20 Scale Mail Armor
32:56 Iron Casting
32:24 Squires
33:48 Chain Mail Armor
39:28 Plate Mail Armor
39:54 Pikeman
40:43 Capped Ram
Sirda
11:15 Feudal Age
11:09 Loom
14:50 Fletching
15:01 Double-Bit Axe
23:00 Castle Age
27:38 Horse Collar
28:26 Bow Saw
33:22 Bodkin Arrow
35:06 Ballistics
35:48 Padded Archer Armor
39:23 Bloodlines
40:37 Husbandry
Kapitan_Flafik_cz
4:26 Loom
11:09 Feudal Age
11:56 Double-Bit Axe
14:56 Wheelbarrow
17:11 Castle Age
16:41 Fletching
18:43 Hand Cart
19:29 Bow Saw
22:15 Scale Barding Armor
22:46 Bloodlines
33:16 Imperial Age
33:47 Light Cavalry
38:24 Bodkin Arrow
PESCADO
5:32 Loom
11:34 Feudal Age
22:33 Castle Age
23:38 Medium Warships
28:58 Town Watch
31:45 Imperial Age
30:09 Light Cavalry
30:59 Bloodlines
30:56 Husbandry
31:57 Wheelbarrow
31:10 Double-Bit Axe
33:13 Pikeman
Yaya Banana
6:55 Loom
11:18 Feudal Age
12:03 Double-Bit Axe
13:22 Fletching
15:00 Horse Collar
20:27 Castle Age
22:06 Medium Warships
21:53 Bodkin Arrow
22:32 Bow Saw
22:52 Fishing Lines
24:34 Wheelbarrow
24:15 Gillnets
26:26 Hand Cart
33:05 Imperial Age
30:57 Scale Mail Armor
31:07 Forging
32:14 Chain Mail Armor
32:30 Pikeman
33:10 Squires
37:14 Bracer
PMA
9:11 Loom
11:28 Feudal Age
12:20 Double-Bit Axe
16:41 Castle Age
16:57 Fletching
29:07 Bow Saw
29:47 Wheelbarrow
31:24 Fishing Lines
33:24 Husbandry
33:34 Bloodlines
33:39 Forging
33:34 Scale Barding Armor
35:10 Horse Collar
38:29 Iron Casting
38:33 Heavy Plow
40:11 Chain Barding Armor
43:56 Imperial Age
Connection lost

Rejoining the realm…

Still unreachable

The connection could not be restored.

Session expired

The server has moved on; the page needs a fresh start.